 Dungeon Crawl Stone Soup version 0.29-a0-995-g8a7feb118f (webtiles) character file.

Game seed: 16461655664881286585

68 M4edhros the Ducker (level 4, 0/28 HPs)
             Began as an Octopode Artificer on Aug 4, 2022.
             Slain by an iguana (11 damage)
             ... on level 4 of the Dungeon.
             The game lasted 00:00:42 (478 turns).

M4edhros the Ducker (Octopode Artificer)             Turns: 478, Time: 00:00:44

Health: 0/28       AC:  1    Str: 11    XL:     4   Next: 19%
Magic:  4/4        EV: 14    Int: 13    God:
Gold:   35         SH:  0    Dex: 14    Spells: 3/3 levels left

rFire   . . .      SeeInvis .     - Unarmed
rCold   . . .      Faith    .   (no shield)
rNeg    . . .      Spirit   .   (helmet restricted)
rPois   .          Reflect  .   (no amulet)
rElec   .          Harm     .   (no ring)
rCorr   .          Rampage  .   (no ring)
Will    .....                   (no ring)
Stlth   +++.......              (no ring)
HPRegen 0.09/turn               (no ring)
MPRegen 0.09/turn               (no ring)
                                (no ring)
                                (no ring)

@: no status effects
A: almost no armour, amphibious, 8 rings, camouflage 1, gelatinous body 1,
(nimble swimmer 1), tentacles
a: no special abilities


You were on level 4 of the Dungeon.
You visited 1 branch of the dungeon, and saw 4 of its levels.

You collected 35 gold pieces.

Inventory:

Wands
 b - a wand of flame (11) (quivered)
 c - a wand of charming (15)
 d - a wand of iceblast (9)
Scrolls
 a - a scroll of identify {unknown}
Potions
 e - a potion of ambrosia {unknown}


   Skills:
 - Level 1.0 Fighting
 + Level 3.5 Dodging
 - Level 1.4 Stealth
 + Level 2.3 Unarmed Combat
 - Level 3.3 Evocations


You had 3 spell levels left.
You didn't know any spells.
Your spell library was empty.

Dungeon Overview and Level Annotations

Branches:
Dungeon (4/15)
 Temple: D:4-7

Altars:


Innate Abilities, Weirdness & Mutations

You cannot wear most types of armour.
You are amphibious.
You can wear up to eight rings at the same time.
Your skin changes colour to match your surroundings (Stealth+).
Your rubbery body absorbs attacks. (AC +1, EV +1)
((You are camouflaged when in or above water. (Stealth+)))
You have tentacles for arms and can constrict up to eight enemies at once.


Message History

You tentacle-slap the iguana but do no damage.
The iguana is severely wounded.
You constrict the iguana. The iguana barely misses you.
You tentacle-slap the iguana. You squeeze the iguana.
You kill the iguana!
You have reached level 4!
Unknown command.
There is an open door here.
You now have 35 gold pieces (gained 12).
You open the door.
Found a club.
There is an open door here.
You open the door.
Found a stone staircase leading down.
You open the door.
An iguana comes into view.
There is an open door here.
The helpless iguana fails to defend itself.
You tentacle-slap the iguana. Your grab misses the iguana.
The iguana is moderately wounded.
The iguana bites you.
You tentacle-slap the iguana. You grab the iguana.
Your squeeze misses the iguana.
The iguana is moderately wounded.
You constrict the iguana. The iguana bites you.
You tentacle-slap the iguana but do no damage.
The iguana is moderately wounded.
You constrict the iguana, but do no damage.
The iguana bites you.
You are too injured to fight recklessly!
You tentacle-slap the iguana.
The iguana is heavily wounded.
You constrict the iguana. The iguana bites you.
Aiming: Throw Flame
Press: ? - help, Shift-Dir - straight line, f - iguana
Aim: an iguana (severely wounded, constricted by you, 100% to hit)
The puff of flame hits the iguana but does no damage.
The iguana is severely wounded.
You constrict the iguana. The iguana bites you!
You die...

#....#....'..........#..
#....'....#>.........'..
#....#....#+###.###..#..
#....#........#####..#..
#....#........#).....#..
#....#........'......#..
#)...#........#......#..
#....#........########..
#....##@##..............
#.......l+..............
#........#..............
#....##..#..............
#.... #..#...........<..
#... ...# ..#+##.... #..
#..# #.... ### #..#
##### #


You could see an iguana.

Vanquished Creatures
  A jelly (D:4)
  An iguana (D:4)
  An adder (D:3)
  2 endoplasms
  A ball python (D:4)
  A rat (D:2)
7 creatures vanquished.

Vanquished Creatures (others)
  4 fungi (D:3)
4 creatures vanquished.

Grand Total: 11 creatures vanquished

Notes
Turn   | Place    | Note
-------+----------+-------------------------------------------
     0 | D:1      | M4edhros the Octopode Artificer began the quest for the
                  | Orb.
     0 | D:1      | Reached XP level 1. HP: 13/13 MP: 1/1
   218 | D:3      | Reached skill level 1 in Unarmed Combat
   218 | D:3      | Reached XP level 2. HP: 14/18 MP: 2/2
   377 | D:4      | Reached XP level 3. HP: 23/23 MP: 3/3
   383 | D:4      | Reached XP level 4. HP: 21/28 MP: 4/4
   478 | D:4      | Slain by an iguana

Illustrated notes

Levels and vault maps discovered:
D:1:      minmay_arrival_up_and_down, layout_rooms, moated_statue
D:2:      layout_loops_cross, ebering_ecumenical_altar_rust, uniq_sigmund,
          uniq_robin
D:3:      layout_loops_ring, mainiacjoe_overflow_surrounded_room,
          minmay_gold_behind_fungi, minmay_cut_off, uniq_crazy_yiuf_cottage,
          uniq_ijyb
D:4:      layout_gridville, nicolae_kikubaaqudgha_miasma_corner,
          minmay_temple_entry_stoned_glass

Skill      XL: |  1  2 |
---------------+-------+-----
Unarmed Combat | 1 2 |  2.3
Dodging        | 3 |  3.5
Fighting       | |  1.0
Stealth        | |  1.4
Evocations     | |  3.3

Action                   |  1- 3 |  4- 6 || total
-------------------------+-------+-------++-------
Melee: Unarmed           |    18 |     4 ||    22
       Tentacles         |     7 |       ||     7
       Club              |     3 |       ||     3
       Constrict         |     4 |     1 ||     5
Evoke: Wand              |     3 |     1 ||     4
 Stab: Sleeping          |     2 |     1 ||     3
Armor: Skin              |     1 |       ||     1
Dodge: Dodged            |    12 |       ||    12

Table legend: (Time is in decaauts)
 A = Elapsed time spent in this place.
 B = Non-inter-level travel time spent in this place.
 C = Inter-level travel time spent in this place.
 D = Time resting spent in this place.
 E = Time spent auto-exploring this place.
 F = Levels seen in this place.
 G = Mean time per level.
                   A        B        C        D        E       F      G
               +--------+--------+--------+--------+--------+-----+--------+
         Total |    477 |    475 |      2 |      0 |    368 |   4 |  119.2 |
       Dungeon |    477 |    475 |      2 |      0 |    368 |   4 |  119.2 |
               +--------+--------+--------+--------+--------+-----+--------+

Top non-repeatable levels by time:
     D:3: 200 daAuts
     D:4: 181 daAuts
     D:2: 59 daAuts
     D:1: 36 daAuts
